 Dungeon Crawl Stone Soup version 0.21.1-1-g345015fe64 (webtiles) character file.

2072 Norrik the Cleaver (level 9, -6/81 HPs)
             Began as a Minotaur Monk on Apr 2, 2018.
             Was a Priest of Okawaru.
             Mangled by Joseph
             ... wielding a +0 quarterstaff
              (15 damage)
             ... on level 8 of the Dungeon.
             The game lasted 00:09:08 (6611 turns).

Norrik the Cleaver (Minotaur Monk)                  Turns: 6611, Time: 00:09:09

Health: -6/81      AC: 18    Str: 19    XL:     9   Next: 5%
Magic:  6/8        EV: 10    Int:  7    God:    Okawaru [***...]
Gold:   323        SH:  0    Dex: 13    Spells: 8/8 levels left

rFire    . . .     SeeInvis .   p - +2 short sword (speed)
rCold    . . .     Gourm    .   (no shield)
rNeg     . . .     Faith    .   q - +0 plate armour
rPois    .         Spirit   .   (helmet restricted)
rElec    .         Reflect  .   G - +0 cloak
rCorr    +         Harm     +   (no gloves)
MR       .....                  b - +0 pair of boots
Stlth    ..........             g - amulet of harm
HPRegen  0.23/turn              x - ring of resist corrosion
MPRegen  0.11/turn              (no ring)

@: heroism
A: retaliatory headbutt, horns 2
a: Heroism, Renounce Religion


You were on level 8 of the Dungeon.
You worshipped Okawaru.
Okawaru was most pleased with you.
You were not hungry.

You visited 2 branches of the dungeon, and saw 9 of its levels.

You collected 323 gold pieces.

Inventory:

Hand Weapons
 a - a +0 hand axe
 p - a +2 short sword of speed (weapon)
 A - a +2 morningstar of holy wrath
Missiles
 F - 15 arrows
Armour
 b - a +0 pair of boots (worn)
 q - a +0 plate armour (worn)
 G - a +0 cloak (worn)
Jewellery
 g - an amulet of harm (around neck)
 x - a ring of resist corrosion (left hand)
 B - an uncursed ring of protection from cold {unknown}
 C - an uncursed ring of ice {unknown}
Wands
 o - a wand of flame (54)
 v - a wand of disintegration (1)
 D - a wand of acid (7)
Scrolls
 h - a scroll of magic mapping {unknown}
 i - 5 scrolls of remove curse {unknown}
 j - 2 scrolls of immolation {unknown}
 k - 4 scrolls of random uselessness {unknown}
 l - 8 scrolls of identify {unknown}
 m - 2 scrolls of fog {unknown}
 n - 3 scrolls of amnesia {unknown}
 t - a scroll of noise {unknown}
 w - a scroll of silence {unknown}
 y - a scroll of enchant armour {unknown}
 z - 2 scrolls of fear {unknown}
Potions
 d - 6 potions of curing
 e - 4 potions of agility {unknown}
 f - 4 potions of lignification {unknown}
 r - a potion of ambrosia {unknown}
 s - a potion of resistance {unknown}
 u - a potion of haste
Books
 E - a book of Air

   Spells                             Type                      Level
   a - Shock                          Conjuration/Air              1
   b - Swiftness                      Charms/Air                   2
   c - Static Discharge               Conjuration/Air              3
   d - Airstrike                      Air                          4
   e - Lightning Bolt                 Conjuration/Air              5
Comestibles
 c - 10 rations


   Skills:
 + Level 8.0(13.0) Fighting
 * Level 10.6(15.6) Axes
 + Level 6.9(11.9) Armour
 - Level 3.2(8.2) Dodging
 - Level 1.5(6.5) Stealth


You had 8 spell levels left.
You didn't know any spells.

Dungeon Overview and Level Annotations

Branches:
Dungeon (8/15)             Temple (1/1) D:4
   Lair: D:8-11

Altars:
Ashenzari
Dithmenos
Elyvilon
Fedhas
Kikubaaqudgha
Nemelex Xobeh
Okawaru
Qazlal
Ru
Sif Muna
Trog
Wu Jian
Yredelemnul

Shops:
D:8 %

Annotations:
D:8 Joseph


Innate Abilities, Weirdness & Mutations

You reflexively headbutt those who attack you in melee.
You have a pair of horns on your head.


Message History

Joseph unwields an uncursed hunting sling.
Joseph wields an uncursed quarterstaff.
Joseph barely misses you. You furiously retaliate!
You headbutt Joseph. The kobold hits you but does no damage.
The kobold hits you with a short sword of electrocution.
* * * LOW HITPOINT WARNING * * *
The kobold hits you but does no damage.
You see here a sky beast corpse.
You feel sick. The kobold hits you.
* * * LOW HITPOINT WARNING * * *
Joseph barely misses you.
The kobold wields an uncursed blowgun.
The kobold shoots a poisoned needle.
The poisoned needle hits you!
You are more poisoned.
The kobold barely misses you.
There is a stone staircase leading up here.
You see here a poisoned needle.
It was a potion of curing.
You feel better. The kobold closely misses you.
Joseph sighs, "Being a guard is usually so boring..."
Joseph hits you with an uncursed quarterstaff!
You die...

## #####.
##....(
#......###
#.......K##
......)KK@#
......$KK@.#
#...........#
#..........##
#..........#
##.........#
#....∩.....
#..........?


You could see Joseph and 5 kobolds.

Vanquished Creatures
  A hippogriff (D:7)
  3 black bears
  An ice beast (D:6)
  A phantom (D:3)
  An ogre (D:5)
  2 sky beasts
  2 centaurs
  A big kobold (D:8)
  A bullfrog (D:7)
  A howler monkey (D:5)
  3 wights (D:4)
  A crimson imp (D:5)
  A bullfrog zombie (D:8)
  A centaur zombie (D:5)
  2 hounds (D:6)
  A jelly (D:5)
  4 iguanas
  An orc wizard (D:3)
  3 worker ants
  4 hound skeletons
  4 gnolls (D:6)
  A howler monkey skeleton (D:7)
  6 adders
  An ooze (D:6)
  5 worms
  2 dart slugs
  4 leopard geckos
  27 orcs
  A ball python (D:3)
  3 bats (D:1)
  15 giant cockroaches
  8 goblins
  5 hobgoblins
  24 jackals
  10 kobolds
  3 quokkas
  A ball python skeleton (D:4)
  6 frilled lizards
  A quokka skeleton (D:4)
  8 rats
  A spectral orc (D:7)
171 creatures vanquished.

Notes
Turn   | Place    | Note
-------+----------+-------------------------------------------
     0 | D:1      | Norrik the Minotaur Monk began the quest for the Orb.
     0 | D:1      | Reached XP level 1. HP: 19/19 MP: 0/0
    50 | D:1      | Reached skill level 4 in Axes
    51 | D:1      | Reached XP level 2. HP: 14/27 MP: 1/1
    52 | D:1      | Reached skill level 1 in Armour
   252 | D:1      | Reached XP level 3. HP: 18/33 MP: 2/2
  2053 | D:3      | Reached XP level 4. HP: 40/41 MP: 3/3
  2059 | D:3      | Found a blossoming altar of Fedhas.
  2079 | D:3      | Reached skill level 5 in Axes
  2092 | D:3      | Found a stormy altar of Qazlal.
  2188 | D:3      | Noticed a phantom
  2204 | D:3      | Killed a phantom
  2204 | D:3      | Reached skill level 5 in Fighting
  2204 | D:3      | Reached skill level 6 in Axes
  2204 | D:3      | Reached XP level 5. HP: 23/48 MP: 4/4
  2793 | D:3      | Noticed a black bear
  2799 | D:3      | Killed a black bear
  2799 | D:3      | Reached XP level 6. HP: 40/56 MP: 5/5
  2905 | D:4      | Reached skill level 7 in Axes
  3322 | D:4      | Found a staircase to the Ecumenical Temple.
  3369 | D:4      | Reached XP level 7. HP: 59/62 MP: 6/6
  4045 | Temple   | Entered the Ecumenical Temple
  4054 | Temple   | Became a worshipper of Warmaster Okawaru
  4054 | Temple   | Reached * piety under Okawaru
  4054 | Temple   | Reached ** piety under Okawaru
  4105 | D:5      | Entered Level 5 of the Dungeon
  4166 | D:5      | Reached skill level 8 in Axes
  4251 | D:5      | Reached skill level 5 in Armour
  4472 | D:5      | Reached XP level 8. HP: 30/71 MP: 7/7
  5002 | D:5      | Reached skill level 9 in Axes
  5036 | D:6      | Found a white marble altar of Elyvilon.
  5088 | D:6      | Reached *** piety under Okawaru
  5277 | D:6      | Found a deep blue altar of Sif Muna.
  6043 | D:7      | Reached skill level 10 in Axes
  6091 | D:7      | Noticed a hippogriff
  6098 | D:7      | Killed a hippogriff
  6147 | D:7      | Found a shattered altar of Ashenzari.
  6227 | D:7      | Found a basalt altar of Yredelemnul.
  6588 | D:8      | Found Inischyn's Food Shop.
  6601 | D:8      | Noticed Joseph
  6602 | D:8      | Reached XP level 9. HP: 64/81 MP: 8/8
  6610 | D:8      | HP: 2/81 [kobold (3)]
  6611 | D:8      | Mangled by Joseph

Skill      XL: |  1  2  3  4  5  6  7  8  9 |
---------------+----------------------------+-----
Axes           | 4 6 7 8 10 | 10.6
Armour         | 1 2 3 4 5 6 |  6.9
Fighting       | 4 5 6 7 8 |  8.0
Dodging        | |  3.2
Stealth        | |  1.5

Action                   |  1- 3 |  4- 6 |  7- 9 || total
-------------------------+-------+-------+-------++-------
Melee: Hand axe          |   119 |       |       ||   119
       Headbutt          |    15 |    26 |    64 ||   105
       Short sword       |     3 |   149 |   282 ||   434
Invok: Heroism           |       |       |     1 ||     1
  Use: Potion            |       |       |     1 ||     1
 Stab: Sleeping          |     2 |       |       ||     2
  Eat: Chunk             |     1 |     3 |    11 ||    15
       Ration            |     1 |       |       ||     1
Armor: Robe              |    29 |       |       ||    29
       Ring mail         |     1 |    27 |     4 ||    32
       Plate armour      |       |       |   192 ||   192
       Chain mail        |       |       |     2 ||     2
Dodge: Dodged            |    96 |    75 |   121 ||   292
